 Dungeon Crawl Stone Soup version 0.30-a0-728-gc68057be0a (webtiles) character file.

Game seed: 6047880850579640027

997 Newt the Destroyer (level 7, 0/54 HPs)
             Began as a Demonspawn Gladiator on Jan 31, 2023.
             Was an Initiate of Hepliaklqana.
             Slain by an orc priest
             ... wielding a +0 whip
              (2 damage)
             ... on level 6 of the Dungeon.
             The game lasted 00:07:45 (5756 turns).

Newt the Destroyer (Demonspawn Gladiator)           Turns: 5756, Time: 00:07:45

Health: 0/54       AC:  4    Str: 16    XL:     7   Next: 99%
Magic:  16/16      EV: 10    Int:  9    God:    Hepliaklqana [......]
Gold:   247        SH:  7    Dex: 15    Spells: 6/6 levels left

rFire   . . .      SeeInvis .    m - +0 staff of Battle
rCold   . . .      Faith    .    C - +0 kite shield
rNeg    . . .      Spirit   .    b - +0 leather armour
rPois   .          Reflect  .    (helmet restricted)
rElec   .          Harm     .    (no cloak)
rCorr   +          Rampage  .    E - +0 pair of gloves
Will    .....                    (no boots)
Stlth   ++                       (no amulet)
HPRegen 0.29/turn                t - ring of magical power
MPRegen 0.15/turn                v - ring of resist corrosion

@: no status effects
A: antennae 1, hooves 1, demonic guardian 1, ignite blood 1, mutation resistance
1
a: Renounce Religion


You were on level 6 of the Dungeon.
You worshipped Hepliaklqana.
Hepliaklqana was noncommittal.
You visited 1 branch of the dungeon, and saw 6 of its levels.

You collected 307 gold pieces.
You spent 60 gold pieces at shops.

Inventory:

Hand Weapons
 a - a +0 rapier
 m - the +0 staff of Battle (weapon)
   (You acquired it on level 2 of the Dungeon)

   It enhances your conjuration magic.
   It summons a battlesphere in combat, with strength depending on Conjurations
   skill.
   Its strikes trigger the battlesphere's blasts.
Missiles
 d - 3 throwing nets (quivered)
 e - a javelin
 k - 2 atropa-tipped darts
 o - 15 stones
 y - 5 poisoned darts
 D - 3 boomerangs
Armour
 b - a +0 leather armour (worn)
 c - a +0 helmet
 j - a +0 buckler
 C - a +0 kite shield (worn)
 E - a +0 pair of gloves (worn)
Jewellery
 t - a ring of magical power (left hand)
 v - a ring of resist corrosion (right hand)
Scrolls
 n - a scroll of identify
 q - a scroll of noise {unknown}
 s - a scroll of amnesia {unknown}
 u - a scroll of magic mapping
 w - 2 scrolls of teleportation
 x - 2 scrolls of immolation {unknown}
 B - a scroll of blinking {unknown}
Potions
 g - a potion of magic
 h - 2 potions of might {unknown}
 i - a potion of resistance
 l - a potion of haste
 p - a potion of attraction {unknown}
 r - a potion of flight {unknown}
 A - a potion of berserk rage {unknown}


   Skills:
 - Level 4.0 Fighting
 - Level 2.6 Short Blades
 - Level 1.7 Throwing
 - Level 2.6 Dodging
 - Level 2.0 Stealth
 * Level 8.1 Conjurations


You had 6 spell levels left.
You didn't know any spells.
Your spell library contained the following spells:

 Spells                   Type           Power      Damage    Failure   Level
 Beastly Appendage        Tmut           0%         N/A       88%         1
 Ensorcelled Hibernation  Hex/Ice        0%         N/A       95%         2
 Passwall                 Tmut/Erth      0%         N/A       95%         2
 Sublimation of Blood     Necr           0%         N/A       95%         2
 Wereblood                Tmut           0%         N/A       95%         2
 Spider Form              Tmut/Pois      0%         N/A       99%         3
 Swiftness                Air            0%         N/A       99%         3
 Tukima's Dance           Hex            0%         N/A       99%         3
 Passage of Golubria      Tloc           0%         N/A       100%        4
 Petrify                  Tmut/Erth      0%         N/A       100%        4
 Irradiate                Conj/Tmut      5%         3d13      100%        5
 Yara's Violent Unravell  Hex/Tmut       0%         3d3       100%        5


Dungeon Overview and Level Annotations

Branches:
Dungeon (6/15)             Temple (0/1) D:5

Altars:
Dithmenos
Hepliaklqana
Trog
Xom

Shops:
D:1 !   D:3 *


Innate Abilities, Weirdness & Mutations

You have a pair of small antennae on your head.
You have large cloven feet.
A weak demonic guardian rushes to your aid.
Your demonic aura sometimes causes spilled blood to erupt in flames.
You are somewhat resistant to further mutation.


Message History

Your iron imp barely misses the orc priest.
The orc priest looks satisfied for a moment.
Welcome back, Newt the Demonspawn Gladiator.
Hepliaklqana says: Your past becomes your present!
Press ? for a list of commands and other information.
An orc priest is nearby!
You are too injured to fight recklessly!
Unknown command.
You completely miss the orc priest.
The orc priest is moderately wounded.
You block the orc priest's attack.
Your iron imp hits the orc priest.
Unknown command.
You hit the orc priest but do no damage.
You kick the orc priest, but do no damage.
The orc priest is heavily wounded.
The orc priest barely misses you.
Your iron imp barely misses the orc priest.
The orc priest hits you but does no damage.
Unknown command.
You hit the orc priest but do no damage.
The orc priest is heavily wounded.
Your iron imp barely misses the orc priest.
The orc priest hits you with a +0 whip.
* * * LOW HITPOINT WARNING * * *
A demonic guardian appears!
Unknown command.
You hit the orc priest. Your kick misses the orc priest.
The orc priest is heavily wounded.
Your iron imp completely misses the orc priest.
You block the orc priest's attack.
Your shadow imp hits the orc priest but does no damage.
Your iron imp barely misses the orc priest.
Unknown command.
You closely miss the orc priest.
The orc priest is heavily wounded.
The orc priest hits you with a +0 whip.
* * * LOW HITPOINT WARNING * * *
Your shadow imp closely misses the orc priest.
The orc priest hits you with a +0 whip.
You die...

####### .......
######## .......
......# .......
##.⌠..# .).....
##....!##*......
#.⌠...⌠.))......
#.......@##
#...<)..o5#
#......[.5#.#
###.⌠...⌠.#...
#.............
###.⌠.####.....
##.## #.... ###
....


You could see an orc priest (ally target), a friendly iron imp (summoned), a
friendly battlesphere and a friendly shadow imp (summoned).

Vanquished Creatures
  An ogre (D:5)
  2 centaurs (D:5)
  A necrophage (D:5)
  3 scorpions
  4 hounds
  4 orc priests
  2 iguanas
  4 gnolls (D:5)
  4 adders
  A shadow imp (D:5)
  A white imp (D:4)
  2 ufetubi (D:5)
  4 worms
  2 dart slugs
  10 orcs
  9 bats
  12 endoplasms
  A giant cockroach (D:1)
  3 goblins
  14 hobgoblins
  3 jackals (D:1)
  2 quokkas
  4 ball pythons
  3 frilled lizards
  7 kobolds
  6 rats
109 creatures vanquished.

Vanquished Creatures (collateral kills)
  An adder (D:5)
  A worm (D:2)
  An orc (D:5)
  An endoplasm (D:5)
  A frilled lizard (D:1)
5 creatures vanquished.

Grand Total: 114 creatures vanquished

Notes
Turn   | Place    | Note
-------+----------+-------------------------------------------
     0 | D:1      | Newt the Demonspawn Gladiator began the quest for the Orb.
     0 | D:1      | Reached XP level 1. HP: 16/16 MP: 1/1
    71 | D:1      | Reached skill level 1 in Stealth
    89 | D:1      | Found Beonuehu's Distillery.
   203 | D:1      | Gained mutation: A weak demonic guardian rushes to your
                  | aid. [demonic ancestry]
   203 | D:1      | Reached XP level 2. HP: 21/22 MP: 2/2
   692 | D:1      | Gained mutation: Your demonic aura sometimes causes spilled
                  | blood to erupt in flames. [demonic ancestry]
   692 | D:1      | Reached XP level 3. HP: 28/28 MP: 3/3
  1181 | D:2      | Identified a scroll of acquirement
  1181 | D:2      | Acquired the +0 staff of Battle
  1181 | D:2      | Found the +0 staff of Battle
  2551 | D:3      | Discovered your monstrous ancestry.
  2551 | D:3      | Gained mutation: You have a pair of small antennae on your
                  | head. [demonic ancestry]
  2551 | D:3      | Reached XP level 4. HP: 37/37 MP: 4/4
  2649 | D:3      | Found Vustefot's General Store.
  3000 | D:3      | Bought a potion of heal wounds for 60 gold pieces
  3035 | D:4      | Reached skill level 1 in Conjurations
  3159 | D:4      | Reached skill level 2 in Conjurations
  3159 | D:4      | Gained mutation: You have large cloven feet. [demonic
                  | ancestry]
  3159 | D:4      | Reached XP level 5. HP: 42/42 MP: 5/5
  3201 | D:4      | Reached skill level 3 in Conjurations
  3330 | D:4      | Gained mutation: You do not regenerate when monsters are
                  | visible. [potion of mutation]
  3330 | D:4      | Gained mutation: You expend magic power (3 MP) to
                  | strengthen your wands. [potion of mutation]
  3331 | D:4      | Lost mutation: You do not regenerate when monsters are
                  | visible. [potion of mutation]
  3331 | D:4      | Lost mutation: You expend magic power (3 MP) to strengthen
                  | your wands. [potion of mutation]
  3331 | D:4      | Gained mutation: You are somewhat resistant to further
                  | mutation. [potion of mutation]
  3372 | D:4      | Found a bloodstained altar of Trog.
  3379 | D:4      | Reached skill level 4 in Conjurations
  3379 | D:4      | Reached XP level 6. HP: 40/48 MP: 6/6
  3567 | D:4      | Found a hazy altar of Hepliaklqana.
  3635 | D:4      | Became a worshipper of Hepliaklqana the Forgotten
  3696 | D:4      | Found a shadowy altar of Dithmenos.
  3870 | D:5      | Entered Level 5 of the Dungeon
  3887 | D:4      | Reached skill level 5 in Conjurations
  4327 | D:5      | Found a shimmering altar of Xom.
  4903 | D:5      | Reached skill level 6 in Conjurations
  4903 | D:5      | Reached XP level 7. HP: 18/54 MP: 7/7
  5186 | D:5      | Reached skill level 7 in Conjurations
  5354 | D:5      | Found a staircase to the Ecumenical Temple.
  5738 | D:6      | Reached skill level 8 in Conjurations
  5756 | D:6      | HP: 2/54 [orc priest/+0 whip (5)]
  5756 | D:6      | Slain by an orc priest

Illustrated notes

Levels and vault maps discovered:
D:1:      dpeg_arrival_ternary, layout_basic, serial_shops, shop,
          corexii_leaking_fountain, solitary_fountain
D:2:      layout_basic
D:3:      layout_rooms, serial_shops, nicolae_shop_window_shopping
D:4:      layout_cave_pools, mainiacjoe_overflow_six_doors_small,
          mainiacjoe_overflow_paths, general_overflow_altar, hex_tiny,
          hangedman_decor_growths
D:5:      layout_rooms, tgw_xom, minmay_temple_entry_mist
D:6:      layout_rooms, amcnicky_altar_gilded,
          mainiacjoe_overflow_concentric_impassable, st_stairs_5,
          grunt_ministairs_2, abandoned_shop, kennysheep_generic_room_8

Skill      XL: |  1  2  3  4  5  6  7 |
---------------+----------------------+-----
Stealth        | 1 2 |  2.0
Fighting       | 3 4 |  4.0
Conjurations   | 2 4 6 8 |  8.1
Short Blades   | |  2.6
Throwing       | |  1.7
Dodging        | |  2.6

Action                     |  1- 3 |  4- 6 |  7- 9 || total
---------------------------+-------+-------+-------++-------
  Melee: Rapier            |    81 |       |       ||    81
         Staff             |    53 |   114 |    59 ||   226
         Kick              |       |    19 |    15 ||    34
  Throw: Throwing net      |     1 |       |       ||     1
         Dart              |       |     3 |       ||     3
    Use: Scroll            |     5 |     3 |       ||     8
         Potion            |       |     6 |     2 ||     8
   Stab: Sleeping          |     8 |     2 |       ||    10
         Held in net/web   |     1 |       |       ||     1
         Distracted        |       |     1 |       ||     1
 Armour: Leather armour    |    47 |    23 |    14 ||    84
         Skin              |       |       |    16 ||    16
  Dodge: Dodged            |    82 |   105 |    31 ||   218
  Block: Buckler           |    21 |    23 |     1 ||    45
         Kite shield       |       |       |    26 ||    26

Table legend: (Time is in decaauts)
 A = Elapsed time spent in this place.
 B = Non-inter-level travel time spent in this place.
 C = Inter-level travel time spent in this place.
 D = Time resting spent in this place.
 E = Time spent auto-exploring this place.
 F = Levels seen in this place.
 G = Mean time per level.
                   A        B        C        D        E       F      G
               +--------+--------+--------+--------+--------+-----+--------+
         Total |   5815 |   5609 |    206 |   2036 |   2737 |   6 |  969.2 |
       Dungeon |   5815 |   5609 |    206 |   2036 |   2737 |   6 |  969.2 |
               +--------+--------+--------+--------+--------+-----+--------+

Top non-repeatable levels by time:
     D:5: 1511 daAuts
     D:2: 1374 daAuts
     D:4: 1210 daAuts
     D:1: 1189 daAuts
     D:3: 490 daAuts
     D:6: 38 daAuts
